 Dungeon Crawl Stone Soup version 0.13-b1-24-g18a6e78 (webtiles) character file.

441 Goboxel the Slasher (level 6, 0/39 HPs)
             Began as a High Elf Skald on Oct 3, 2013.
             Was an Initiate of Ashenzari.
             Slain by a jackal (3 damage)
             ... on Level 4 of the Dungeon.
             The game lasted 00:15:37 (4920 turns).

Goboxel the Slasher (High Elf Skald)                Turns: 4920, Time: 00:15:37

HP   0/39        AC  4     Str 11      XL: 6   Next: 18%
MP  17/17        EV 10     Int 16      God: Ashenzari [......]
Gold 131         SH  0     Dex 17      Spells:  4 memorised,  4 levels left

Res.Fire  : + . .   See Invis. : .   a - +0 elf falchion
Res.Cold  : . . .   Warding    : .   b - +0 elf leather armour
Life Prot.: . . .   Conserve   : .   (no shield)
Res.Poison: .       Res.Corr.  : .   (no helmet)
Res.Elec. : .       Clarity    : .   p - +0 cloak
Sust.Abil.: . .     Spirit.Shd : .   (no gloves)
Res.Mut.  : .       Stasis     : .   (no boots)
Res.Rott. : .       Flight     : .   (no amulet)
Saprovore : . . .                    (no ring)
                                     j - ring of protection from fire

@: slightly resistant to hostile enchantments, unstealthy
A: no striking features
a: Renounce Religion, Stop Singing


You were on level 4 of the Dungeon.
You worshipped Ashenzari.
Ashenzari was noncommittal.
You were hungry.

You visited 1 branch of the dungeon, and saw 4 of its levels.

You collected 111 gold pieces.

Inventory:

Hand weapons
 a - a +0,+0 elven falchion (weapon)
Armour
 b - a +0 elven leather armour (worn)
 p - a +0 cloak (worn)
Magical devices
 f - a wand of slowing (15)
 o - a wand of slowing (0)
Comestibles
 d - 5 bread rations
 h - a choko
 l - a meat ration
 x - 3 rotting chunks of orc flesh
Scrolls
 e - a scroll of amnesia
 i - a scroll of random uselessness
 k - a scroll of identify {unknown}
 m - 5 scrolls of remove curse
 q - a scroll of recharging {unknown}
 s - a scroll of enchant armour {unknown}
 u - a scroll of curse armour
 v - 2 scrolls of curse weapon
Jewellery
 j - a ring of protection from fire (left hand)
 w - an uncursed amulet of warding {unknown}
Potions
 g - 3 potions of curing
 n - 2 potions of might
 r - a potion of brilliance {unknown}
 z - a potion of magic {unknown}
 A - 2 potions of flight {unknown}
Books
 c - a book of Battle

   Spells                             Type                      Level
   *Infusion                          Charms                       1
   *Shroud of Golubria                Charms/Translocation         2
   *Song of Slaying                   Charms                       2
   *Spectral Weapon                   Hexes/Charms                 3
   Regeneration                       Charms/Necromancy            3
   Song of Shielding                  Charms                       4


   Skills:
 - Level 2.0 Fighting
 * Level 6.3 Long Blades
 - Level 0.8 Armour
 - Level 1.1 Dodging
 + Level 3.5 Spellcasting
 + Level 4.8 Charms
 - Level 1.5 Translocations


You had 4 spell levels left.
You knew the following spells:

 Your Spells              Type           Power        Failure   Level  Hunger
a - Infusion              Chrm           ###...       2%          1    None
b - Song of Slaying       Chrm           ###.......   4%          2    ##.....
c - Shroud of Golubria    Chrm/Tloc      ##........   10%         2    ##.....
d - Spectral Weapon       Hex/Chrm       ##......     21%         3    ###....


Dungeon Overview and Level Annotations

Branches:
Dungeon (4/27)
 Temple: D:4-7

Altars:
Ashenzari
Elyvilon


Message History

You closely miss the jackal.
The jackal is almost dead.
The jackal bites you.
* * * LOW HITPOINT WARNING * * *
The jackal closely misses you.
You hit the jackal.
You kill the jackal!
Your song is almost over.
The jackal bites you.
* * * LOW HITPOINT WARNING * * *
The jackal bites you.
* * * LOW HITPOINT WARNING * * *
You hit the jackal but do no damage. The jackal bites you.
* * * LOW HITPOINT WARNING * * *
You hit the jackal.
The jackal is heavily wounded.
The jackal bites you.
* * * LOW HITPOINT WARNING * * *
The jackal bites you.
You die...

### #.## # #..# . ##.#
######## ##########.##
........# #...........#
........###...........#
........#.')..........#
.........#.#...........#
.........h@#...........#
.........###...........#
#####+### ####+########
#. #######+### #.##
#.........# #..# ###
#.........# #.# #..
#.........# ###'#### #<.
#.........# #......#
###..


You could see a jackal.

Vanquished Creatures
  The ghost of Zurvan the Skirmisher, a weakling MiBe of Trog (D:3)
  Crazy Yiuf (D:2)
  A worker ant (D:4)
  An orc wizard (D:4)
  5 adders
  3 gnolls
  2 inept feature mimics (D:4)
  A giant mite (D:1)
  2 worms
  2 giant geckos (D:3)
  5 orcs
  2 giant cockroaches (D:1)
  4 hobgoblins
  8 kobolds
  A ball python (D:1)
  9 bats
  5 giant newts
  A giant newt skeleton (D:4)
  9 goblins
  13 jackals
  2 quokkas
  8 rats
86 creatures vanquished.

Notes
Turn   | Place    | Note
--------------------------------------------------------------
     0 | D:1      | Goboxel, the High Elf Skald, began the quest for the Orb.
     0 | D:1      | Reached XP level 1. HP: 13/13 MP: 4/4
   126 | D:1      | Reached XP level 2. HP: 18/18 MP: 6/6
   764 | D:2      | Found a shattered altar of Ashenzari.
   771 | D:2      | Became a worshipper of Ashenzari the Shackled
   818 | D:2      | Reached skill level 4 in Charms
   818 | D:2      | Reached XP level 3. HP: 6/23 MP: 8/8
  1196 | D:2      | Learned a level 2 spell: Song of Slaying
  1199 | D:2      | Learned a level 2 spell: Shroud of Golubria
  1261 | D:2      | Noticed Crazy Yiuf
  1283 | D:2      | Killed Crazy Yiuf
  1525 | D:2      | Reached XP level 4. HP: 29/29 MP: 11/11
  2409 | D:3      | Found a white marble altar of Elyvilon.
  2414 | D:3      | Noticed Zurvan's ghost (weakling MiBe)
  2723 | D:2      | Reached skill level 5 in Long Blades
  3254 | D:3      | Reached XP level 5. HP: 17/34 MP: 4/13
  3835 | D:3      | Reached skill level 1 in Translocations
  4085 | D:3      | Killed Zurvan's ghost
  4415 | D:4      | Reached skill level 6 in Long Blades
  4521 | D:4      | Learned a level 3 spell: Spectral Weapon
  4591 | D:4      | Reached XP level 6. HP: 21/39 MP: 11/16
  4920 | D:4      | Slain by a jackal

Action                   |  1- 3 |  4- 6 || total
-------------------------+-------+-------++-------
Melee: Falchion          |    82 |   246 ||   328
 Cast: Infusion          |     7 |     9 ||    16
       Shroud of Golubri |     2 |    10 ||    12
       Song of Slaying   |       |     6 ||     6
       Spectral Weapon   |       |     1 ||     1
Evoke: Wand              |       |     1 ||     1
  Use: Scroll            |       |     3 ||     3
       Potion            |       |     3 ||     3
